 Dungeon Crawl Stone Soup version 0.28-a0-925-gd5e1996cdb (webtiles) character file.

Game seed: 13835864652016518708

299275 swappor the Warrior (level 20, -4/289 HPs)
             Began as a Minotaur Berserker on Nov 27, 2021.
             Was the Champion of Trog.
             Slain by Mennas (8 damage)
             ... on level 3 of the Vaults.
             The game lasted 02:23:59 (38937 turns).

swappor the Warrior (Minotaur Berserker)           Turns: 38937, Time: 02:23:59

Health: -4/289     AC: 30    Str: 31    XL:     20   Next: 14%
Magic:  0/19       EV:  2    Int:  4    God:    Trog [******]
Gold:   1499       SH: 16    Dex: 10    Spells: 19/19 levels left

rFire   + + .      SeeInvis .   t - +9 broad axe (vorpal)
rCold   + + .      Faith    .   p - +2 shield of Resistance {rF++ rC++ Will++}
rNeg    . . .      Spirit   +   (armour currently unavailable)
rPois   +          Reflect  .   (helmet currently unavailable)
rElec   +          Harm     .   (cloak currently unavailable)
rCorr   +          Rampage  .   (gloves currently unavailable)
Will    +++..      NoTele   +   (boots currently unavailable)
Stlth   +.........              a - amulet of the Sun {Spirit +Inv rElec Regen+}
HPRegen 1.38/turn               R - ring of resist corrosion
MPRegen 0.16/turn               P - ring of poison resistance

@: mighty, tree-form, on berserk cooldown, hasted, glowing, studying 2 skills,
silenced, very quick
A: stationary, stasis, torment immunity, boosted hp, (horns 2), (retaliatory
headbutt)
}: 2/15 runes: decaying, serpentine
a: Renounce Religion, Evoke Invisibility


You were on level 3 of the Vaults.
You worshipped Trog.
Trog was exalted by your worship.
You were a tree.
You visited 7 branches of the dungeon, and saw 37 of its levels.
You visited the Abyss 1 time.
You also visited: Bailey, Gauntlet, Ice Cave and Volcano.

You collected 3858 gold pieces.
You spent 2359 gold pieces at shops.


Innate Abilities, Weirdness & Mutations

You are a tree.
Your roots penetrate the ground, keeping you stationary.
You cannot be teleported.
You are immune to unholy pain and torment.
Your maximum health is greatly increased.
Your equipment is partially melded.
((You have a pair of horns on your head.))
((You reflexively headbutt those who attack you in melee.))


   Skills:
 - Level 20.0 Fighting
 - Level 18.0 Axes
 - Level 20.0 Armour
 - Level 15.0 Dodging
 - Level 20.0 Shields
 + Level 13.0 Evocations


You had 19 spell levels left.
You didn't know any spells.
Your spell library contained the following spells:

 Spells                   Type           Power      Damage    Failure   Level
 Animate Skeleton         Necr           0%         N/A       50%         1
 Apportation              Tloc           0%         N/A       50%         1
 Sting                    Tmut/Pois      0%         1d3       50%         1
 Summon Small Mammal      Summ           0%         N/A       50%         1
 Blink                    Tloc           0%         N/A       65%         2
 Call Imp                 Summ           0%         N/A       65%         2
 Corpse Rot               Necr/Air       0%         N/A       65%         2
 Ensorcelled Hibernation  Hex/Ice        0%         N/A       65%         2
 Poisonous Vapours        Pois/Air       0%         N/A       65%         2
 Scorch                   Fire           0%         2d5       65%         2
 Static Discharge         Conj/Air       0%         N/A       65%         2
 Sublimation of Blood     Necr           0%         N/A       65%         2
 Call Canine Familiar     Summ           0%         N/A       86%         3
 Confusing Touch          Hex            0%         N/A       86%         3
 Conjure Flame            Conj/Fire      0%         6-21      86%         3
 Dazzling Flash           Conj/Hex       0%         N/A       86%         3
 Ignite Poison            Fire/Tmut/Pois 0%         N/A       86%         3
 Lesser Beckoning         Tloc           0%         N/A       86%         3
 Mephitic Cloud           Conj/Pois/Air  0%         N/A       86%         3
 Portal Projectile        Hex/Tloc       0%         N/A       86%         3
 Summon Guardian Golem    Hex/Summ       0%         N/A       86%         3
 Tukima's Dance           Hex            0%         N/A       86%         3
 Airstrike                Air            0%         N/A       99%         4
 Animate Armour           Summ/Erth      0%         N/A       99%         4
 Dispel Undead            Necr           0%         3d6       99%         4
 Hailstorm                Conj/Ice       0%         3d3       99%         4
 Ice Form                 Ice/Tmut       0%         N/A       99%         4
 Iskenderun's Mystic Bla  Conj/Tloc      0%         2d3       99%         4
 Leda's Liquefaction      Hex/Erth       0%         N/A       99%         4
 Olgreb's Toxic Radiance  Pois           0%         N/A       99%         4
 Sticky Flame             Conj/Fire      0%         2d3       99%         4
 Summon Ice Beast         Ice/Summ       0%         N/A       99%         4
 Summon Lightning Spire   Summ/Air       0%         N/A       99%         4
 Agony                    Necr           0%         N/A       100%        5
 Alistair's Intoxication  Tmut/Pois      0%         N/A       100%        5
 Blade Hands              Tmut           0%         N/A       100%        5
 Freezing Cloud           Conj/Ice/Air   0%         6-21      100%        5
 Irradiate                Conj/Tmut      0%         3d13      100%        5
 Iskenderun's Battlesphe  Conj           0%         2d6       100%        5
 Lightning Bolt           Conj/Air       0%         1d11      100%        5
 Manifold Assault         Tloc           0%         N/A       100%        5
 Metabolic Englaciation   Hex/Ice        0%         N/A       100%        5
 Silence                  Hex/Air        0%         N/A       100%        5
 Summon Forest            Summ/Tloc      0%         N/A       100%        5
 Summon Mana Viper        Hex/Summ       0%         N/A       100%        5
 Death Channel            Necr           0%         N/A       100%        6
 Eringya's Noxious Bog    Tmut/Pois      0%         N/A       100%        6
 Iron Shot                Conj/Erth      0%         9d1       100%        6
 Starburst                Conj/Fire      0%         6d3       100%        6
 Dragon Form              Tmut           0%         N/A       100%        7
 Haunt                    Necr/Summ      0%         N/A       100%        7
 Monstrous Menagerie      Summ           0%         N/A       100%        7
 Orb of Destruction       Conj           0%         N/A       100%        7
 Ozocubu's Refrigeration  Ice            0%         4d5       100%        7
 Spellforged Servitor     Conj/Summ      0%         N/A       100%        7
 Summon Hydra             Summ           0%         N/A       100%        7
 Borgnjor's Revivificati  Necr           0%         N/A       100%        8
 Ignition                 Fire           0%         3d3       100%        8
 Maxwell's Capacitive Co  Air            0%         โˆž       100%        8
 Necromutation            Tmut/Necr      0%         N/A       100%        8
 Death's Door             Necr           0%         N/A       100%        9
 Fire Storm               Conj/Fire      0%         5d1       100%        9
 Polar Vortex             Ice            0%         N/A       100%        9

Inventory:

Hand Weapons
 t - a +9 vorpal broad axe (weapon)
   (You acquired it in a bailey)
Missiles
 g - 15 stones
 w - 5 throwing nets (quivered) {=f!f}
Armour
 b - a +6 plate armour of fire resistance (melded)
   (You found it in a volcano)
 m - a scarf of resistance (melded)
   (You found it on level 2 of the Snake Pit)
 p - the +2 shield of Resistance (worn) {rF++ rC++ Will++}
   (You found it on level 1 of the Lair of Beasts)

   rF:        It greatly protects you from fire.
   rC:        It greatly protects you from cold.
   Will:      It greatly increases your willpower.
 s - the +2 pair of boots of Vuunwei (melded) {+Blink}
   (You bought it in a shop on level 4 of the Dungeon)

   +Blink:    It lets you blink.
 B - the +0 mask of the Dragon (melded) {Will+ Slay+3 SInv}
   (You bought it in a shop on level 1 of the Snake Pit)

   Slay:      It affects your accuracy & damage with ranged weapons and melee
   (+3).
   SInv:      It lets you see invisible.
   Will:      It increases your willpower.
 X - the +1 pair of gloves of the Villain (melded) {rN+ Str+4}
   (You found it on level 15 of the Dungeon)

   Str:       It affects your strength (+4).
   rN:        It protects you from negative energy.
Jewellery
 a - the amulet of the Sun (around neck) {Spirit +Inv rElec Regen+}
   (You acquired it in a bailey)

   [amulet of guardian spirit]

   It causes incoming damage to be divided between your reserves of health and
   magic.
   rElec:     It insulates you from electricity.
   +Inv:      It lets you turn invisible.
   Regen:     It increases your rate of health regeneration.
 P - a ring of poison resistance (right branch)
   (You found it on level 12 of the Dungeon)
 R - a ring of resist corrosion (left branch)
   (You found it on level 3 of the Lair of Beasts)
Wands
 c - a wand of polymorph (3)
   (You found it on level 2 of the Swamp)
 n - a wand of acid (9)
   (You found it on level 5 of the Lair of Beasts)
 I - a wand of charming (13)
   (You found it on level 8 of the Dungeon)
 L - a wand of iceblast (12)
   (You found it on level 10 of the Dungeon)
 M - a wand of paralysis (22)
   (You took it off a gnoll on level 7 of the Dungeon)
 N - a wand of mindburst (74)
   (You found it on level 11 of the Dungeon)
 S - a wand of digging (16)
   (You found it on level 6 of the Dungeon)
 W - a wand of flame (103)
   (You found it on level 3 of the Lair of Beasts)
Scrolls
 h - 11 scrolls of noise {!r}
 i - 16 scrolls of teleportation {@r4}
 j - 4 scrolls of summoning
 o - 7 scrolls of immolation {!r!r}
 x - 4 scrolls of magic mapping {!r}
 y - 6 scrolls of fear
 C - 2 scrolls of holy word
 E - a scroll of fog
 H - a scroll of vulnerability {!r!r}
 Z - 6 scrolls of blinking {!r}
Potions
 d - 30 potions of heal wounds {@q2}
 e - 3 potions of haste {@q3}
 f - 4 potions of attraction {!q}
 q - 4 potions of cancellation
 r - 6 potions of mutation {!q}
 v - 8 potions of resistance
 z - 3 potions of might
 A - 18 potions of curing {@q1}
 D - 2 potions of ambrosia
 K - 4 potions of invisibility
 T - 5 potions of lignification {!q}
Miscellaneous
 k - a condenser vane
   (You found it on level 1 of the Elven Halls)
 l - a box of beasts (inert)
   (You found it on level 1 of the Vaults)
 u - a lightning rod (4/4)
   (You found it in a Gauntlet)
 G - a phial of floods
   (You found it on level 6 of the Lair of Beasts)
 J - a tin of tremorstones (1/2)
   (You found it on level 9 of the Dungeon)

Dungeon Overview and Level Annotations

Branches:
Dungeon (15/15)            Temple (0/1) D:7            Lair (6/6) D:8
  Swamp (4/4) Lair:4        Snake (4/4) Lair:2        Slime (0/5) Lair:6
    Orc (2/2) D:10            Elf (3/3) Orc:2        Vaults (3/5) D:14
  Crypt (0/3) Vaults:2     Depths (0/4) D:15         Bailey (visited)
  IceCv (visited)         Volcano (visited)         Gauntlet (visited)

Altars:
Cheibriados
Dithmenos
Fedhas
Kikubaaqudgha
Makhleb
Sif Muna
Trog
Uskayaw
Vehumet
Yredelemnul
Beogh
Jiyva

Shops:
D:1 ?   D:4 [   D:9 (   D:14 [[[*(   Orc:1 *   Orc:2 =[[(   Elf:3 *
Snake:1 ?!?*[([?(

Annotations:
Vaults:3 1 transporter, Mennas

...'........# ...'........#
...#........# ##.. ...#........#
.... ...#####)####### .....
#+######.......# #.....
......##.......###########...O#.
......##.......#........#.......
......##.......#โ™ฃ)......#)...#
......##.......#.A......ยงO..#
......##.......#........#....#
......##.......#........#.#.##
......##.......'........### #
......##.......##########
......#######+## ......# ......#


You could see Mennas (silencing).


Message History

Your roots penetrate the ground. ๐Ÿ˜จ HP[+42]
You now have 289 max hp (+96).
You regained 42 hp, and now have 124/289 hp.
Mennas blocks your attack.
You block Mennas's attack. x2 ๐Ÿ˜จ HP[+1] Mennas blocks your attack.
Mennas hits you with a +2 trishula of holy wrath!
* * * LOW HITPOINT WARNING * * *
Mennas hits you but does no damage. ๐Ÿ˜จ HP[-6]
You take 6 damage, and now have 119/289 hp.
Mennas blocks your attack.
Mennas hits you with a +2 trishula of holy wrath!!
* * * LOW HITPOINT WARNING * * *
Mennas hits you but does no damage. ๐Ÿ˜จ HP[-25] MP[-1]
You take 25 damage, and now have 94/289 hp.
You lost 1 mp, and now have 7/19 mp.
You hit Mennas but do no damage. You slice the ironbound thunderhulk!!
Mennas hits you but does no damage.
Mennas hits you with a +2 trishula of holy wrath!!
* * * LOW HITPOINT WARNING * * *
๐Ÿ˜จ HP[-20] MP[-1]
You take 20 damage, and now have 74/289 hp.
You lost 1 mp, and now have 6/19 mp.
You slice Mennas!! You slash the ironbound thunderhulk!
Mennas hits you with a +2 trishula of holy wrath.
* * * LOW HITPOINT WARNING * * *
Mennas hits you with a +2 trishula of holy wrath!
* * * LOW HITPOINT WARNING * * *
The ironbound thunderhulk hits you with a +0 vorpal dire flail!
* * * LOW HITPOINT WARNING * * *
x2 ๐Ÿ˜ฑ HP[-29] MP[-2]
You take 29 damage, and now have 45/289 hp.
You lost 2 mp, and now have 4/19 mp.
Mennas blocks your attack.
You slash the ironbound thunderhulk! You block Mennas's attack.
Mennas hits you but does no damage.
The ironbound thunderhulk hits you but does no damage. ๐Ÿ˜ฑ HP[+1] Mennas blocks your attack.
You hit the ironbound thunderhulk.
You block Mennas's attack. x2 ๐Ÿ˜ฑ HP[+1] Mennas blocks your attack.
You slash the ironbound thunderhulk!
Mennas hits you with a +2 trishula of holy wrath!
* * * LOW HITPOINT WARNING * * *
You block Mennas's attack.
You block the ironbound thunderhulk's attack. ๐Ÿ˜ฑ HP[-5] MP[-1]
You take 5 damage, and now have 42/289 hp.
You lost 1 mp, and now have 3/19 mp.
Mennas blocks your attack.
You slice the ironbound thunderhulk!!
You kill the ironbound thunderhulk!
Trog accepts your kill.
Mennas becomes audible again.
Mennas gestures frantically.
Mennas's surroundings become eerily quiet. ๐Ÿ˜ฑ HP[+1] Mennas blocks your attack.
You feel yourself speed up.
Mennas hits you with a +2 trishula of holy wrath.
* * * LOW HITPOINT WARNING * * *
Mennas hits you but does no damage. ๐Ÿ˜ฑ HP[-3]
You take 3 damage, and now have 40/289 hp.
You miss Mennas. You block Mennas's attack.
Mennas hits you with a +2 trishula of holy wrath.
* * * LOW HITPOINT WARNING * * *
๐Ÿ˜ฑ HP[-4]
You take 4 damage, and now have 36/289 hp.
Mennas blocks your attack. ๐Ÿ˜ฑ HP[+1] Mennas blocks your attack.
Mennas hits you with a +2 trishula of holy wrath!
* * * LOW HITPOINT WARNING * * *
Mennas hits you with a +2 trishula of holy wrath.
* * * LOW HITPOINT WARNING * * *
๐Ÿ˜ฑ HP[-16] MP[-1]
You take 16 damage, and now have 21/289 hp.
You lost 1 mp, and now have 2/19 mp.
Mennas blocks your attack. Mennas hits you but does no damage.
You block Mennas's attack. ๐Ÿ˜ฑ HP[+1] Mennas blocks your attack. ๐Ÿ˜ฑ HP[+1]
You hit Mennas. You block Mennas's attack.
Mennas hits you but does no damage. ๐Ÿ˜ฑ MP[+1] Mennas blocks your attack.
Mennas hits you but does no damage. x2 ๐Ÿ˜ฑ HP[+1] Mennas blocks your attack.
You slash Mennas! You block Mennas's attack.
Mennas hits you with a +2 trishula of holy wrath.
* * * LOW HITPOINT WARNING * * *
๐Ÿ˜ฑ MP[-1]
You lost 1 mp, and now have 2/19 mp.
Mennas blocks your attack.
Mennas hits you with a +2 trishula of holy wrath!!
* * * LOW HITPOINT WARNING * * *
Mennas hits you with a +2 trishula of holy wrath!
You die...

Skill      XL: |  1  2  3  4  5  6  7  8  9 10 11 12 13 14 15 16 17 18 19 20 |
---------------+-------------------------------------------------------------+-----
Fighting       | 4 6 9 10 16 20 | 20.0
Axes           | 4 5 6 7 10 13 18 | 18.0
Armour         | 3 5 6 7 10 11 14 15 18 20 | 20.0
Dodging        | 3 4 6 7 10 15 | 15.0
Shields        | 1 2 3 5 10 11 14 15 18 20 | 20.0
Evocations     | 1 2 5 7 10 12 13 | 13.0

Action                   |  1- 3 |  4- 6 |  7- 9 | 10-12 | 13-15 | 16-18 | 19-21 || total
-------------------------+-------+-------+-------+-------+-------+-------+-------++-------
Melee: Hand axe          |    76 |   119 |   334 |    77 |       |       |       ||   606
       Headbutt          |    12 |    21 |    80 |    99 |   268 |   299 |   120 ||   899
       Broad axe         |       |       |       |   318 |   918 |  1085 |   466 ||  2787
Throw: Stone             |       |       |     6 |       |       |       |       ||     6
Invok: Trog's Hand       |     1 |       |     1 |     4 |     2 |     1 |       ||     9
       Berserk           |       |     1 |     8 |    10 |     2 |     3 |     2 ||    26
       Brothers in Arms  |       |       |       |       |     1 |       |     2 ||     3
 Abil: Evoke Blink       |       |       |       |     1 |       |       |     1 ||     2
Evoke: Wand              |       |       |       |    18 |     3 |     4 |       ||    25
       Tin of tremorston |       |       |       |     2 |     3 |     2 |     2 ||     9
       Lightning rod     |       |       |       |     3 |    11 |     1 |       ||    15
       Box of beasts     |       |       |       |       |       |       |     2 ||     2
  Use: Scroll            |       |     1 |     3 |    33 |     6 |     6 |     1 ||    50
       Potion            |       |       |       |     1 |       |     1 |     4 ||     6
 Stab: Distracted        |       |       |       |       |     2 |       |       ||     2
Armor: Animal skin       |     2 |       |       |       |       |       |       ||     2
       Scale mail        |    17 |    10 |       |       |       |       |       ||    27
       Ring mail         |       |    44 |    31 |       |       |       |       ||    75
       Chain mail        |       |       |   151 |   134 |       |       |       ||   285
       Plate armour      |       |       |       |    93 |   384 |   520 |   135 ||  1132
       Skin              |       |       |       |       |       |       |    10 ||    10
Dodge: Dodged            |    42 |    56 |    98 |   179 |   322 |   425 |   120 ||  1242
Block: Kite shield       |       |    16 |   128 |   300 |   620 |   751 |   271 ||  2086

Levels and vault maps discovered:
D:1:      scummos_arrival_star, layout_basic,
          hellmonk_ecumenical_altar_lost_god, serial_shops, shop_fountains
D:2:      layout_rooms, nicolae_wormholes, uniq_natasha, uniq_jessica
D:3:      layout_rooms, mainiacjoe_overflow_catwalk_spiral,
          cheibrodos_sewer_entry_bend
D:4:      layout_layer_cave, amcnicky_altar_gilded, serial_shops,
          nicolae_shop_hallway_stairs
D:5:      layout_loops_cross, slow_altar_2, kennysheep_generic_room_15
D:6:      layout_layer_cave, uniq_eustachio, uniq_duvessa, uniq_sigmund
D:7:      layout_basic, lemuel_coloured_pillars_altar, minmay_temple_entry_waves
D:8:      layout_loops_cross, lemuel_tele_altar, due_lair_maze_entry_diamond,
          enter_bailey_2
D:9:      layout_stronghold, serial_shops, shop, nrook_loot_triangle, uniq_erica
D:10:     layout_basic, mainiacjoe_overflow_small_starburst,
          mainiacjoe_overflow_cross_hatched, david_orc_2
D:11:     layout_cave_pods, gauntlet_entry_generic
D:12:     layout_roguey
D:13:     gammafunk_worm_tunnel, layout_basic
D:14:     layout_layer_cave, grunt_vaults_entry_fortified, serial_shops, shop,
          nicolae_shop_advertising_works [nicolae_subvault_shop_adworks], shop,
          shop, nicolae_shop_temple_entry_statues_fountains
D:15:     grunt_enter_depths_hoard, layout_gridville, serial_glass,
          glass_columns_a, glass_columns_c, uniq_nessos
Lair:1:   layout_cave_pods, gammafunk_ghost_ooze, serial_bayou_pond_a,
          beast_lair_carwin_8, serial_bayou_shore_b, lemuel_fruit_tree
Lair:2:   layout_chaotic_city, dummy_snake_entry, grunt_megastairs_2
Lair:3:   layout_small_grid, uniq_urug
Lair:4:   layout_regular_city, skrybe_swamp_entry_bodies
Lair:5:   layout_layer_cave
Lair:6:   gammafunk_lair_ancient_temple, layout_regular_city,
          minmay_slime_entry_jelly_boxes, enter_volcano_4, serial_bayou_shore_b,
          uniq_sonja
Swamp:1:  layout_basic_swamp, hangedman_swamp_pad, swamp_pool1,
          nzn_swamp_blast_mining
Swamp:2:  layout_basic_swamp, evilmike_swamp_ruin_house_2, swamp_pool5
Swamp:3:  cheibrodos_swamp_monstrosity, layout_basic_swamp,
          nicolae_swamp_dense_foliage, swamp_pool3, grunt_hermit_hut, uniq_aizul
Swamp:4:  swamp_old_school, layout_basic_swamp, swamp_pool4,
          infiniplex_staircase_pool
Snake:1:  layout_grid_shapes, serial_shops, nicolae_shop_crystal, shop,
          nicolae_shop_trees, shop_scrolls, nicolae_shop_hallway_plus,
          nicolae_snake_salamander_fort, minmay_shoptagon
Snake:2:  layout_chambers
Snake:3:  layout_onion_interference
Snake:4:  grunt_snake_rune_pools, layout_basic, nicolae_snake_gridmaze_swirls
Orc:1:    layout_diamond_mine, portal_ice_cave_entry_pillars_2, basic_altar,
          nicolae_shop_gadgets, uniq_harold
Orc:2:    st_orc_town, layout_caves, mines2_david, uniq_azrael, uniq_erolcha,
          uniq_snorg
Elf:1:    minmay_elf_arrival_summoners, layout_onion_city,
          minmay_elf_demonology, palyth_stone_intersect, uniq_frances
Elf:2:    nicolae_elf_blades_crystal_corner, layout_loops_ring
Elf:3:    elf_hall, layout_loops_cross, serial_shops, shop,
          nicolae_trove_entry_crossroad
Vaults:1: gammafunk_ghost_smash, v_pattern_3, vaults_room_octagon, v_misc_27,
          vaults_mumra_hex, nicolae_vaults_diagonal_hallway_7, vaults_mumra_lcd,
          nicolae_vaults_little_squares_2, grunt_vaults_swirl,
          dpeg_vaults_monster_box, ontoclasm_vaults_decontamination,
          nicolae_vaults_alarming, layout_vaults_omnicross
Vaults:2: hangedman_vaults_cutoff, nicolae_vaults_network_quinsquares
          [nicolae_vaults_network_quincunx_subvault,
          nicolae_vaults_network_quincunx_subvault,
          nicolae_vaults_network_quincunx_subvault,
          nicolae_vaults_network_quincunx_subvault],
          minmay_crypt_entry_necro_gods, nicolae_vaults_big_angled_halls,
          st_squares, ontoclasm_vaults_fault, v_misc_5, v_misc_19,
          vaults_dpeg_hooks, hangedman_vaults_river_flow, layout_vaults_omnigrid
Vaults:3: v_misc_26, emtedronai_trogs_sanctum, ontoclasm_vaults_spin,
          nicolae_vaults_specimen_jars, vaults_mumra_minichess, v_alt_pattern_5,
          hangedman_vaults_corner_blocks, grunt_vaults_funnel, v_alt_pattern_3,
          ontoclasm_vaults_chip, vaults_dpeg_encased_lava,
          ontoclasm_vaults_gateway, layout_vaults_omnibox, serial_shops,
          nicolae_diamond_shop, uniq_mara, uniq_mennas, uniq_xtahua

Notes
Turn   | Place    | Note
-------+----------+-------------------------------------------
     0 | D:1      | swappor the Minotaur Berserker began the quest for the Orb.
     0 | D:1      | Reached XP level 1. HP: 19/19 MP: 0/0
     0 | D:1      | magus.rc [v1.11.2]
   203 | D:1      | Reached XP level 2. HP: 27/27 MP: 1/1
   221 | D:1      | Found a faded altar of an unknown god.
   289 | D:1      | Found Iroiwkom's Magic Scroll Shoppe.
   334 | D:1      | You pick up a book of Decay {forbidden} and begin
                  | reading...
   334 | D:1      | You add the spells Corpse Rot, Dispel Undead and Death
                  | Channel to your library.
   508 | D:1      | Reached skill level 4 in Fighting
   524 | D:1      | Reached skill level 4 in Axes
   677 | D:1      | Reached XP level 3. HP: 30/33 MP: 2/2
   787 | D:1      | Reached ** piety under Trog
   941 | D:2      | Noticed Jessica
   945 | D:2      | Killed Jessica
  1019 | D:2      | You fall into a shaft and drop 1 floor!
  1062 | D:2      | Reached skill level 5 in Axes
  1128 | D:2      | Noticed Natasha
  1134 | D:2      | Killed Natasha
  1135 | D:2      | Reached XP level 4. HP: 34/40 MP: 3/3
  1135 | D:2      | Noticed Natasha
  1141 | D:2      | Killed Natasha
  1175 | D:2      | Noticed Natasha
  1188 | D:2      | Killed Natasha
  1189 | D:2      | Reached skill level 6 in Axes
  1189 | D:2      | Reached XP level 5. HP: 47/47 MP: 4/4
  1502 | D:3      | Found a blossoming altar of Fedhas.
  1517 | D:3      | Found a bloodstained altar of Trog.
  1584 | D:3      | Reached skill level 5 in Fighting
  2084 | D:4      | Found Sanoahoelu's Antique Armour Emporium.
  2134 | D:4      | Reached *** piety under Trog
  2230 | D:4      | Found a burning altar of Makhleb.
  2346 | D:4      | Bought a pair of pitted boots for 275 gold pieces
  2346 | D:4      | Identified the +2 pair of boots of Vuunwei {+Blink} (You
                  | bought it in a shop on level 4 of the Dungeon)
  2479 | D:4      | magus.rc [v1.11.2]
  2512 | D:4      | You add the spells Borgnjor's Revivification, Necromutation
                  | and Death's Door to your library.
  3212 | D:5      | Entered Level 5 of the Dungeon
  3261 | D:5      | Noticed a black bear
  3269 | D:5      | Killed a black bear
  3270 | D:5      | Reached skill level 6 in Fighting
  3270 | D:5      | Reached skill level 3 in Armour
  3270 | D:5      | Reached skill level 3 in Dodging
  3270 | D:5      | Reached skill level 1 in Shields
  3270 | D:5      | Reached XP level 6. HP: 57/57 MP: 5/5
  3411 | D:5      | Reached skill level 1 in Evocations
  3423 | D:5      | Reached skill level 2 in Shields
  3557 | D:5      | Reached XP level 7. HP: 63/63 MP: 6/6
  3564 | D:5      | Reached skill level 4 in Armour
  3567 | D:5      | Identified the +8 mace of Suuduf {venom, Contam Str+6
                  | Int+3}
  3654 | D:5      | Reached skill level 2 in Evocations
  3693 | D:5      | Reached skill level 4 in Dodging
  3693 | D:5      | Reached skill level 3 in Shields
  3832 | D:5      | Reached skill level 5 in Armour
  4047 | D:5      | Identified the +0 chain mail of the True Pharaoh {rC+ rCorr
                  | Str-3}
  4102 | D:5      | Found a snail-covered altar of Cheibriados.
  4255 | D:5      | Reached XP level 8. HP: 48/70 MP: 7/7
  4444 | D:5      | Reached skill level 4 in Shields
  4444 | D:5      | Reached skill level 3 in Evocations
  4566 | D:6      | Reached skill level 5 in Dodging
  4791 | D:6      | Noticed Sigmund
  4826 | D:6      | Killed Sigmund
  4827 | D:6      | Reached skill level 6 in Armour
  4827 | D:6      | Reached skill level 5 in Shields
  4827 | D:6      | Reached skill level 4 in Evocations
  5248 | D:6      | Noticed Duvessa
  5248 | D:6      | Noticed Dowan
  5546 | D:6      | Reached skill level 6 in Dodging
  5591 | D:6      | Noticed Eustachio
  5619 | D:6      | Killed Eustachio
  5620 | D:6      | Reached skill level 5 in Evocations
  5788 | D:6      | Killed Dowan
  5799 | D:6      | Killed Duvessa
  5800 | D:6      | Reached skill level 7 in Axes
  5800 | D:6      | Reached XP level 9. HP: 54/75 MP: 8/8
  6478 | D:7      | Found a staircase to the Ecumenical Temple.
  6506 | D:7      | Reached skill level 8 in Axes
  6645 | D:7      | Paralysed by a gnoll for 3 turns
  6652 | D:7      | You pick up a book of Maledictions {forbidden} and begin
                  | reading...
  6652 | D:7      | You add the spells Ensorcelled Hibernation and Tukima's
                  | Dance to your library.
  6805 | D:7      | Reached skill level 9 in Axes
  7360 | D:7      | Found a shimmering blue altar of Sif Muna.
  7528 | D:7      | Reached skill level 10 in Axes
  7538 | D:8      | Reached skill level 7 in Fighting
  7597 | D:8      | Found a staircase to the Lair.
  7622 | D:8      | Reached skill level 8 in Fighting
  7637 | D:8      | Reached skill level 9 in Fighting
  7658 | D:8      | You pick up a book of the Hunter {forbidden} and begin
                  | reading...
  7658 | D:8      | You add the spells Call Canine Familiar, Portal Projectile
                  | and Leda's Liquefaction to your library.
  7689 | D:8      | Reached XP level 10. HP: 89/89 MP: 9/9
  7838 | D:8      | Reached skill level 10 in Fighting
  7894 | D:8      | Found a flagged portal.
  7900 | D:8      | Identified the +3 spear of Urgency {flame, +Blink rF+ rC++
                  | MP-9}
  7920 | Bailey   | Entered a bailey
  8008 | Bailey   | Reached skill level 6 in Shields
  8133 | Bailey   | Noticed an orc knight
  8134 | Bailey   | Noticed an orc knight
  8134 | Bailey   | Noticed an orc knight
  8139 | Bailey   | Killed an orc knight
  8140 | Bailey   | Reached skill level 8 in Shields
  8141 | Bailey   | Noticed an orc knight
  8144 | Bailey   | Noticed an orc knight
  8147 | Bailey   | Killed an orc knight
  8151 | Bailey   | Noticed an orc knight
  8157 | Bailey   | Killed an orc knight
  8157 | Bailey   | HP: 15/139 [orc knight (23)]
  8158 | Bailey   | Reached skill level 9 in Shields
  8158 | Bailey   | Killed an orc knight
  8159 | Bailey   | Reached skill level 10 in Shields
  8165 | Bailey   | Killed an orc knight
  8171 | Bailey   | Killed an orc knight
  8172 | Bailey   | Reached skill level 7 in Armour
  8267 | Bailey   | Acquired a +4 vorpal broad axe
  8268 | Bailey   | Acquired the amulet of the Sun {Spirit +Inv rElec Regen+}
  8319 | D:8      | Noticed a two-headed ogre
  8330 | D:8      | Killed a two-headed ogre
  8331 | D:8      | Reached skill level 7 in Dodging
  8331 | D:8      | Reached XP level 11. HP: 99/99 MP: 10/10
  8550 | D:8      | Found a shadowy altar of Dithmenos.
  9015 | D:9      | Reached **** piety under Trog
  9043 | D:9      | You pick up a book of Storms {forbidden} and begin
                  | reading...
  9043 | D:9      | You add the spells Airstrike, Summon Lightning Spire and
                  | Lightning Bolt to your library.
  9320 | D:9      | You pick up a book of Spectacle {forbidden} and begin
                  | reading...
  9320 | D:9      | You add the spells Dazzling Flash, Iskenderun's Mystic
                  | Blast and Starburst to your library.
  9568 | D:9      | Reached skill level 8 in Armour
  9628 | D:9      | Noticed Erica
  9634 | D:9      | Killed Erica
  9635 | D:9      | Reached skill level 8 in Dodging
  9691 | D:9      | Found Lujad's Antique Weapon Shoppe.
  9867 | D:10     | Entered Level 10 of the Dungeon
  9884 | D:10     | Found a hide-covered altar of Uskayaw.
 10196 | D:10     | Found a radiant altar of Vehumet.
 10208 | D:10     | Reached skill level 9 in Armour
 10392 | D:10     | Found a staircase to the Orcish Mines.
 10410 | D:10     | Reached ***** piety under Trog
 10545 | D:10     | Noticed a two-headed ogre
 10554 | D:10     | Killed a two-headed ogre
 10555 | D:10     | Reached skill level 9 in Dodging
 11071 | D:11     | Reached skill level 10 in Armour
 11146 | D:11     | Found a gate leading to a gauntlet.
 11156 | Gauntlet | Entered a Gauntlet
 11156 | Gauntlet | Found a transporter.
 11156 | Gauntlet | Found a transporter.
 11161 | Gauntlet | Found a runed translucent door.
 11165 | Gauntlet | Found a transporter.
 11166 | Gauntlet | Found a transporter.
 11166 | Gauntlet | Found a transporter.
 11203 | Gauntlet | Found a transporter.
 11205 | Gauntlet | Found a transporter.
 11205 | Gauntlet | Found a transporter.
 11211 | Gauntlet | Noticed a hell beast
 11217 | Gauntlet | Found a transporter.
 11233 | Gauntlet | Found a transporter.
 11240 | Gauntlet | Noticed a hell beast
 11243 | Gauntlet | Found a transporter.
 11257 | Gauntlet | Found a transporter.
 11277 | Gauntlet | Found a transporter.
 11289 | Gauntlet | Found a transporter.
 11349 | Gauntlet | Reached skill level 10 in Dodging
 11453 | Gauntlet | Reached skill level 6 in Evocations
 11571 | Gauntlet | Identified the +5 hunting sling "Daipnall" {vorpal, Fly
                  | Str+4 Dex-5}
 11571 | Gauntlet | Noticed a minotaur
 11583 | Gauntlet | Killed a minotaur
 11584 | Gauntlet | Reached skill level 7 in Evocations
 11584 | Gauntlet | Reached XP level 12. HP: 71/106 MP: 5/11
 11628 | Gauntlet | Identified the -1 hat "Gahasia" {Fly Dex+6}
 11628 | Gauntlet | Identified the +1 leather armour of Thoughtfulness {+Inv
                  | Int+3 Dex+3}
 11632 | Gauntlet | You pick up a book of Spatial Translocations {forbidden}
                  | and begin reading...
 11632 | Gauntlet | You add the spells Blink, Lesser Beckoning and Manifold
                  | Assault to your library.
 11644 | Gauntlet | You add the spells Confusing Touch and Silence to your
                  | library.
 11644 | Gauntlet | Got the Incunabulum of Ensnaring Flight {forbidden}
 12474 | D:12     | Noticed a boulder beetle
 12496 | D:12     | Killed a boulder beetle
 12539 | D:12     | You add the spells Eringya's Noxious Bog, Haunt and Dragon
                  | Form to your library.
 12539 | D:12     | Got Sif Muna's Incunabulum of Evil Transmigration
                  | {forbidden}
 12897 | D:12     | Reached skill level 8 in Evocations
 13275 | D:13     | Noticed a centaur warrior
 13288 | D:13     | Killed a centaur warrior
 13326 | D:13     | Found a transporter.
 13369 | D:13     | Reached skill level 9 in Evocations
 13454 | D:13     | Reached skill level 10 in Evocations
 13456 | D:13     | HP: 36/159 [skeletal warrior[a skeletal warrior] (20)]
 13462 | D:13     | Reached skill level 11 in Axes
 13645 | Lair:1   | Entered Level 1 of the Lair of Beasts
 14088 | Lair:1   | Received a gift from Trog
 14114 | Lair:1   | Noticed a five-headed hydra
 14118 | Lair:1   | Killed a five-headed hydra
 14119 | Lair:1   | Reached skill level 12 in Axes
 14125 | Lair:1   | You add the spells Sting, Poisonous Vapours and Olgreb's
                  | Toxic Radiance to your library.
 14207 | Lair:1   | Found a runed translucent gate.
 14251 | Lair:1   | Found a runed translucent gate.
 14252 | Lair:1   | Found a runed translucent gate.
 14259 | Lair:1   | Noticed a great orb of eyes
 14259 | Lair:1   | Noticed Hougom's ghost (journeyman GrFi)
 14489 | Lair:1   | Found a viscous altar of Jiyva.
 14489 | Lair:1   | Found the +2 shield of Resistance {rF++ rC++ Will++}
 14505 | Lair:1   | Killed a great orb of eyes
 14508 | Lair:1   | Killed Hougom's ghost
 14629 | Lair:2   | Reached skill level 13 in Axes
 14661 | Lair:2   | Reached XP level 13. HP: 113/113 MP: 12/12
 14719 | Lair:2   | Reached skill level 14 in Axes
 14962 | Lair:2   | Found a staircase to the Snake Pit.
 15262 | Lair:2   | Reached skill level 15 in Axes
 15603 | Lair:2   | Reached skill level 16 in Axes
 15884 | Lair:3   | Noticed Urug
 15897 | Lair:3   | Killed Urug
 16542 | Lair:4   | Found a staircase to the Swamp.
 16551 | Lair:4   | Reached skill level 17 in Axes
 18046 | Lair:5   | Reached skill level 18 in Axes
 18047 | Lair:5   | Reached XP level 14. HP: 106/121 MP: 10/13
 18380 | Lair:6   | Entered Level 6 of the Lair of Beasts
 18417 | Lair:6   | Reached skill level 11 in Fighting
 18464 | Lair:6   | Reached skill level 12 in Fighting
 18544 | Lair:6   | Received a gift from Trog
 18601 | Lair:6   | Found a dark tunnel.
 18606 | Volcano  | Entered a volcano
 18667 | Volcano  | Reached skill level 13 in Fighting
 18870 | Lair:6   | Noticed Sonja
 18874 | Lair:6   | You are cast into the Abyss!
 18874 | Lair:6   | Cast into level 2 of the Abyss (Sonja)
 18907 | Abyss:4  | Found a transporter.
 18909 | Abyss:4  | Noticed a daeva
 18924 | Abyss:4  | Reached skill level 14 in Fighting
 18927 | Abyss:4  | Killed a daeva
 18934 | Lair:6   | You pass through the gate.
 18934 | Lair:6   | Escaped the Abyss
 18938 | Lair:6   | Killed Sonja
 19133 | Lair:6   | Reached skill level 15 in Fighting
 19164 | Lair:6   | Found a staircase to the Slime Pits.
 19394 | Lair:6   | You add the spells Iskenderun's Battlesphere, Irradiate and
                  | Ignition to your library.
 19394 | Lair:6   | Got Cerebov's Almanac of Combat Magic and Fire {forbidden}
 19469 | Lair:6   | Reached skill level 16 in Fighting
 19478 | Lair:6   | Received a gift from Trog
 20074 | Orc:1    | Entered Level 1 of the Orcish Mines
 20148 | Orc:2    | Entered Level 2 of the Orcish Mines
 20164 | Orc:1    | Reached ****** piety under Trog
 20166 | Orc:1    | Found Mejoh's Gadget Gallery.
 20222 | Orc:1    | Found a frozen archway.
 20230 | Orc:1    | Noticed Harold
 20239 | Orc:1    | Killed Harold
 20247 | IceCv    | Entered an ice cave
 20368 | IceCv    | Reached XP level 15. HP: 145/145 MP: 14/14
 20478 | IceCv    | Found an ancient bone altar of Kikubaaqudgha.
 20490 | IceCv    | Reached skill level 17 in Fighting
 20574 | IceCv    | You add the spells Hailstorm, Summon Ice Beast, Metabolic
                  | Englaciation and Ozocubu's Refrigeration to your library.
 20574 | IceCv    | Got the Incunabulum of the Frostbite {forbidden}
 20881 | Orc:1    | Received a gift from Trog
 21536 | Orc:2    | Reached skill level 18 in Fighting
 21597 | Orc:2    | Noticed Snorg
 21634 | Orc:2    | Killed Snorg
 21772 | Orc:2    | Found Luonac's Antique Weapon Shoppe.
 21824 | Orc:2    | Found Ceosi's Armour Shop.
 21895 | Orc:2    | Found a staircase to the Elven Halls.
 21924 | Orc:2    | Noticed Azrael
 21929 | Orc:2    | Received a gift from Trog
 21934 | Orc:2    | Killed Azrael
 21935 | Orc:2    | Reached skill level 19 in Fighting
 22206 | Orc:2    | Noticed Erolcha
 22209 | Orc:2    | Killed Erolcha
 22334 | Orc:2    | Found Tunn's Antique Armour Shoppe.
 22334 | Orc:2    | Found Kusma's Jewellery Shop.
 22526 | Orc:2    | Bought a ring of willpower for 325 gold pieces
 22796 | D:13     | Found a transporter.
 22897 | D:13     | Identified the +3 ring mail "Ujucep" {rN++ Str+2 Int-4}
 22968 | D:13     | You are sucked into a shaft and drop 2 floors!
 22968 | D:15     | Entered Level 15 of the Dungeon
 22970 | D:15     | You add the spells Summon Forest and Summon Hydra to your
                  | library.
 22973 | D:15     | Identified the +1 pair of gloves of the Villain {rN+ Str+4}
 23218 | D:15     | Noticed Nessos
 23230 | D:15     | Killed Nessos
 23389 | D:15     | Found a staircase to the Depths.
 23533 | D:15     | Reached skill level 20 in Fighting
 23797 | D:15     | You add the spells Ignite Poison, Mephitic Cloud and
                  | Freezing Cloud to your library.
 23886 | D:14     | Found Pixuira's Assorted Antiques.
 23929 | D:14     | Bought a scroll of identify for 66 gold pieces
 23943 | D:14     | You pick up a book of Beasts {forbidden} and begin
                  | reading...
 23943 | D:14     | You add the spells Summon Mana Viper and Monstrous
                  | Menagerie to your library.
 23959 | D:14     | Found Suacix's Armour Boutique.
 24084 | D:14     | Found Qiulludgh's Antique Armour Shop.
 24128 | D:14     | Found Vuvuggo's Antique Armour Boutique.
 24131 | D:14     | Bought a pair of ancient boots for 389 gold pieces
 24131 | D:14     | Identified the +2 pair of boots of Woalooh {Dex+3} (You
                  | bought it in a shop on level 14 of the Dungeon)
 24285 | D:14     | You add the spells Scorch, Ice Form and Polar Vortex to
                  | your library.
 24285 | D:14     | Got the Tome of the Frigorific Volcanoes {forbidden}
 24326 | D:14     | Received a gift from Trog
 24359 | D:14     | Found a gate to the Vaults.
 24490 | D:14     | Reached skill level 11 in Armour
 24490 | D:14     | Reached skill level 11 in Shields
 24537 | D:14     | Found Astriree's Antique Weapon Emporium.
 24835 | D:13     | Reached XP level 16. HP: 162/162 MP: 15/15
 25239 | Swamp:1  | Entered Level 1 of the Swamp
 25664 | Swamp:1  | Reached skill level 12 in Armour
 25664 | Swamp:1  | Reached skill level 12 in Shields
 26038 | Swamp:2  | You pick up a book of Dangerous Friends {forbidden} and
                  | begin reading...
 26038 | Swamp:2  | You add the spells Summon Guardian Golem, Orb of
                  | Destruction and Spellforged Servitor to your library.
 26670 | Swamp:3  | Noticed Aizul
 26680 | Swamp:3  | Killed Aizul
 26812 | Swamp:3  | Noticed a tentacled monstrosity
 26836 | Swamp:3  | Killed a tentacled monstrosity
 26837 | Swamp:3  | Reached skill level 13 in Armour
 26837 | Swamp:3  | Reached skill level 13 in Shields
 26995 | Swamp:3  | HP: 60/243 [ghoul (4)]
 27236 | Swamp:3  | Received a gift from Trog
 27436 | Swamp:4  | Entered Level 4 of the Swamp
 27570 | Swamp:4  | Reached skill level 14 in Armour
 27570 | Swamp:4  | Reached skill level 14 in Shields
 27636 | Swamp:4  | Noticed the 27-headed Lernaean hydra
 27646 | Swamp:4  | Killed the 27-headed Lernaean hydra
 27924 | Swamp:4  | Reached XP level 17. HP: 170/170 MP: 16/16
 27965 | Swamp:4  | Reached skill level 15 in Armour
 27965 | Swamp:4  | Reached skill level 15 in Shields
 28359 | Swamp:4  | Identified the +0 pair of boots of the Bells {rF++}
 28410 | Swamp:4  | Got a decaying rune of Zot
 28665 | Snake:1  | Entered Level 1 of the Snake Pit
 28665 | Snake:1  | Found Guasuck's Magic Scroll Emporium.
 28701 | Snake:1  | Reached skill level 11 in Dodging
 28798 | Snake:1  | Found Eqekedoj's Armour Boutique.
 28798 | Snake:1  | Found Caxtan's General Store.
 28808 | Snake:1  | Found Pingif's Antique Armour Boutique.
 28810 | Snake:1  | Found Vesasa Ekkue's Distillery.
 28811 | Snake:1  | Found Vareuraimno's Magic Scroll Emporium.
 28860 | Snake:1  | Bought a scroll of holy word for 112 gold pieces
 28860 | Snake:1  | Bought a scroll of teleportation for 45 gold pieces
 28860 | Snake:1  | Bought a scroll of holy word for 112 gold pieces
 28894 | Snake:1  | Bought the +0 mask of the Dragon {Will+ Slay+3 SInv} for
                  | 1035 gold pieces
 28894 | Snake:1  | Found the +0 mask of the Dragon {Will+ Slay+3 SInv}
 29041 | Snake:1  | Reached skill level 12 in Dodging
 29054 | Snake:1  | Received a gift from Trog
 29238 | Snake:1  | Found Nausuzin's Antique Weapon Shoppe.
 29411 | Snake:1  | Reached skill level 13 in Dodging
 29411 | Snake:1  | Found Tosyrpho's Magic Scroll Boutique.
 29447 | Snake:1  | You pick up a book of Iron {forbidden} and begin reading...
 29447 | Snake:1  | You add the spells Animate Armour, Blade Hands and Iron
                  | Shot to your library.
 29449 | Snake:1  | Found Rexiecwe's Weapon Boutique.
 29604 | Snake:1  | You pick up a book of Lightning {forbidden} and begin
                  | reading...
 29604 | Snake:1  | You add the spells Static Discharge and Maxwell's
                  | Capacitive Coupling to your library.
 29692 | Snake:2  | You pick up a book of Party Tricks {forbidden} and begin
                  | reading...
 29692 | Snake:2  | You add the spells Apportation and Alistair's Intoxication
                  | to your library.
 30099 | Snake:2  | Reached skill level 14 in Dodging
 30655 | Snake:2  | You add the spells Animate Skeleton, Sublimation of Blood,
                  | Conjure Flame, Agony and Fire Storm to your library.
 30655 | Snake:2  | Got Fegyno's Collected Works on Harmful Darkness
                  | {forbidden}
 31247 | Snake:3  | Reached skill level 15 in Dodging
 31260 | Snake:3  | Found the +8 lance "Wyrmbane" {slay drac, rPois rF+ rC+
                  | AC+3}
 31655 | Snake:4  | Entered Level 4 of the Snake Pit
 31669 | Snake:4  | Received a gift from Trog
 31934 | Snake:4  | Reached XP level 18. HP: 178/178 MP: 17/17
 32296 | Snake:4  | Reached skill level 16 in Shields
 32298 | Snake:4  | Reached skill level 16 in Armour
 32312 | Snake:4  | Received a gift from Trog
 32408 | Snake:4  | V - a +4 executioner's axe {rare}
 32532 | Snake:4  | Got a serpentine rune of Zot
 32986 | Snake:4  | Reached skill level 17 in Shields
 32991 | Snake:4  | Reached skill level 17 in Armour
 33278 | Snake:4  | Identified the +12 war axe of Gailutoh {flame, Str+7 Dex+2}
                  | (Trog gifted it to you on level 4 of the Snake Pit)
 33278 | Snake:4  | Received a gift from Trog
 33339 | Snake:4  | You drop a +4 executioner's axe {rare}.
 33562 | Elf:1    | Entered Level 1 of the Elven Halls
 33809 | Elf:1    | You add the spells Summon Small Mammal and Call Imp to your
                  | library.
 33809 | Elf:1    | Got Duytar's Volume of the Escort {forbidden}
 33991 | Elf:1    | Noticed Frances
 34006 | Elf:1    | Killed Frances
 34562 | Elf:2    | Received a gift from Trog
 34685 | Elf:2    | Reached skill level 18 in Armour
 34685 | Elf:2    | Reached skill level 18 in Shields
 35051 | Elf:2    | Found a runed translucent gate.
 35052 | Elf:2    | Found a runed translucent gate.
 35052 | Elf:2    | Found a runed translucent gate.
 35233 | Elf:2    | Reached XP level 19. HP: 171/185 MP: 15/18
 35269 | Elf:2    | a +0 long sword; a +5 antimagic quick blade {rare}
 35560 | Elf:3    | Entered Level 3 of the Elven Halls
 35560 | Elf:3    | Found Qaescheb's General Store.
 35810 | Vaults:1 | Entered Level 1 of the Vaults
 35956 | Vaults:1 | Received a gift from Trog
 35957 | Vaults:1 | Reached skill level 19 in Armour
 35957 | Vaults:1 | Reached skill level 19 in Shields
 36205 | Vaults:1 | Received a gift from Trog
 36573 | Vaults:1 | Reached skill level 20 in Armour
 36573 | Vaults:1 | Reached skill level 20 in Shields
 36962 | Vaults:1 | Found a transporter.
 36962 | Vaults:1 | Noticed Eczaz's ghost (adept DEWz)
 36962 | Vaults:1 | Identified the +3 great mace "Wifamoza" {vorpal, Dex+5
                  | Stlth+}
 36963 | Vaults:1 | Found a transporter.
 37162 | Vaults:1 | Killed Eczaz's ghost
 37253 | Vaults:2 | Reached skill level 11 in Evocations
 37313 | Vaults:2 | Received a gift from Trog
 37699 | Vaults:2 | Found a staircase to the Crypt.
 37699 | Vaults:2 | Found a basalt altar of Yredelemnul.
 37734 | Vaults:2 | Found an ancient bone altar of Kikubaaqudgha.
 37891 | Vaults:2 | Reached skill level 12 in Evocations
 38000 | Vaults:2 | Reached XP level 20. HP: 136/193 MP: 13/19
 38730 | Vaults:3 | Found a transporter.
 38845 | Vaults:3 | Reached skill level 13 in Evocations
 38870 | Vaults:3 | Noticed Mennas
 38922 | Vaults:3 | HP: 72/289 [Mennas (3)]
 38927 | Vaults:3 | HP: 40/289 [Mennas (4)]
 38936 | Vaults:3 | HP: 24/289 [Mennas (1)]
 38937 | Vaults:3 | HP: 4/289 [Mennas (21)]
 38937 | Vaults:3 | Slain by Mennas

Vanquished Creatures
  the Lernaean hydra (Swamp:4)
  A tentacled monstrosity (Swamp:3)
  A deep elf blademaster (Elf:2)
  The ghost of Eczaz the Spry, an adept DEWz of Sif Muna (Vaults:1)
  Frances (Elf:1)
  A sphinx (Vaults:1)
  A tengu reaver (Vaults:2)
  3 frost giants (Vaults:1)
  A daeva (Abyss:4)
  A fire giant (Vaults:1)
  2 vault wardens
  6 nagarajas (Snake:4)
  Aizul (Swamp:3)
  2 orc warlords (Vaults:1)
  7 ghouls
  10 ironbound preservers
  Nessos (D:15)
  2 deep elf demonologists (Elf:1)
  4 dire elephants (Vaults:2)
  4 bunyips
  A deep elf annihilator (Elf:1)
  Azrael (Orc:2)
  A minotaur (Gauntlet)
  Snorg (Orc:2)
  5 ettins (Vaults:1)
  3 fire dragons (D:15)
  5 eleionomae
  2 shambling mangroves
  3 yaktaur captains
  6 ironbound thunderhulks
  An ettin (shapeshifter) (Elf:1)
  Harold (Orc:1)
  3 great orbs of eyes
  A merfolk avatar (Lair:6)
  5 vault guards
  Erolcha (Orc:2)
  6 salamander tyrants
  13 naga warriors
  3 ghost crabs
  6 anacondas
  18 hydras
  A fenstrider witch zombie (Swamp:3)
  3 boulder beetles
  4 centaur warriors
  A death knight (D:15)
  Erica (D:9)
  2 two-headed ogres
  5 alligators
  3 ironbound frosthearts (Vaults:2)
  21 dancing weapons
  The ghost of Hougom the Blocker, a journeyman GrFi of Okawaru (Lair:1)
  A tengu warrior (D:15)
  10 naga sharpshooters
  8 shock serpents
  Urug (Lair:3)
  4 spriggans
  Sonja (Lair:6)
  2 thrashing horrors (Abyss:4)
  10 orc high priests
  12 deep elf knights
  6 salamander mystics
  7 sea snakes
  16 deep trolls
  2 death drakes
  10 skeletal warriors
  8 bog bodies
  2 phantasmal warriors
  2 goliath frogs
  3 naga ritualists
  4 deep elf archers
  A glowing orange brain (Vaults:1)
  7 ironbound convokers
  6 wizards
  15 swamp dragons
  13 lindwurms
  8 harpies
  3 necromancers
  7 mana vipers
  14 deep elf pyromancers
  9 orc knights
  9 ugly things
  2 will-o-the-wisps (Swamp:4)
  15 deep elf zephyrmancers
  2 orc sorcerers
  3 manticores
  36 salamanders
  A toenail golem (Volcano)
  19 elephants
  A wolf spider (D:15)
  3 cyclopes
  8 guardian serpents
  24 black mambas
  16 naga magi
  2 ice statues
  3 molten gargoyles (Volcano)
  10 vault sentinels
  12 cane toads
  2 torpor snails
  A hellion (Gauntlet)
  An unseen horror (D:12)
  A yaktaur (shapeshifter) (Elf:1)
  8 rime drakes
  5 yaktaurs
  3 anaconda simulacra (IceCv)
  A kobold demonologist (D:12)
  5 efreet
  6 freezing wraiths
  A red devil (Gauntlet)
  10 ice devils (IceCv)
  2 entropy weaver simulacra (IceCv)
  12 komodo dragons
  8 trolls
  4 polar bears
  A wolf spider simulacrum (D:13)
  A wind drake (Lair:6)
  5 tyrant leeches
  A blink frog (shapeshifter) (D:13)
  11 hornets
  A snapping turtle (Lair:6)
  A raiju (shapeshifter) (D:14)
  15 blink frogs
  34 slime creatures
  6 dream sheep (Lair:6)
  A centaur simulacrum (D:15)
  A spriggan skeleton (Swamp:3)
  Sigmund (D:6)
  An air elemental (Elf:2)
  A shadow (D:8)
  7 wyverns
  Eustachio (D:6)
  A water elemental (Elf:1)
  2 wraiths
  36 yaks
  A steam dragon (D:10)
  10 fire elementals
  3 basilisks
  5 death yak simulacra (IceCv)
  10 vampire mosquitoes
  49 nagas
  2 harpy simulacra (IceCv)
  18 swamp worms
  5 wargs (Orc:2)
  An acid dragon (D:14)
  17 water moccasins
  8 swamp drakes (Swamp:4)
  Duvessa (D:6)
  4 hell hounds
  20 orc warriors
  7 black bears
  An ice beast (D:5)
  2 sky beasts (D:7)
  6 ogres
  A necrophage (D:5)
  13 wolves
  13 centaurs
  2 phantoms (D:6)
  A kobold brigand (D:9)
  5 earth elementals
  5 bullfrogs
  A gnoll sergeant (D:7)
  5 scorpions
  A wyvern zombie (D:7)
  4 cane toad simulacra (IceCv)
  Dowan (D:6)
  10 wights
  6 killer bees (D:8)
  4 elephant simulacra (IceCv)
  2 electric eels (D:10)
  A howler monkey (D:8)
  2 lava snakes (Snake:4)
  3 bullfrog zombies
  18 jellies
  7 centaur zombies
  4 hounds
  27 orc priests
  Jessica (D:2)
  Natasha (thrice) (D:2)
  A gnoll shaman (D:8)
  2 iguanas
  9 orc wizards
  3 spriggan simulacra
  A killer bee zombie (D:8)
  6 wolf simulacra (IceCv)
  A polar bear simulacrum (IceCv)
  A hound zombie (D:5)
  A hound skeleton (D:4)
  A howler monkey zombie (D:6)
  3 adders
  7 gnolls
  A naga simulacrum (IceCv)
  A shadow imp (D:6)
  3 white imps
  An ufetubus (IceCv)
  5 worms
  2 dart slugs
  107 orcs
  5 ball pythons
  5 bats
  6 endoplasms
  4 giant cockroaches
  9 goblins
  3 hobgoblins
  6 jackals
  4 quokkas
  A frilled lizard (D:3)
  9 kobolds
  5 rats
  13 briar patches (D:13)
1271 creatures vanquished.

Vanquished Creatures (collateral kills)
  A slime creature (Vaults:2)
  An orange crystal statue (Abyss:4)
  4 orc knights (Bailey)
  An orc (Bailey)
7 creatures vanquished.

Vanquished Creatures (others)
  A ghost crab (Swamp:1)
  An alligator (Swamp:1)
  A deep elf zephyrmancer (Elf:2)
  3 bloated husks (Swamp:1)
  A naga (Snake:4)
  A briar patch (D:13)
  3 demonic plants (Gauntlet)
  A fire vortex (Volcano)
  8 foxfires (Swamp:4)
  67 fungi
  A lurking horror (Abyss:4)
  92 plants
180 creatures vanquished.

Grand Total: 1458 creatures vanquished

Table legend:
 A = Non-vault XP
 B = Vault XP
 C = Vault XP percentage of total XP
 D = Non-vault monster count
 E = Vault monster count
 F = Vault count percentage of total count
                 A         B        C        D         E       F
            +---------+---------+-------+---------+---------+-------
      Total |  282692 |  207997 |  42.4 |     789 |     480 |  37.8
            +---------+---------+-------+---------+---------+-------
        D:1 |      43 |       0 |   0.0 |      22 |       0 |   0.0
        D:2 |      95 |      83 |  46.6 |      15 |       4 |  21.1
        D:3 |      62 |       5 |   7.5 |      19 |       1 |   5.0
        D:4 |      60 |       0 |   0.0 |       5 |       0 |   0.0
        D:5 |    1067 |     137 |  11.4 |      19 |       2 |   9.5
        D:6 |     726 |     632 |  46.5 |      12 |       4 |  25.0
        D:7 |     986 |     147 |  13.0 |      14 |       1 |   6.7
        D:8 |    2246 |    1120 |  33.3 |      23 |       9 |  28.1
        D:9 |     948 |     836 |  46.9 |      27 |       1 |   3.6
       D:10 |    2480 |     148 |   5.6 |      18 |       7 |  28.0
       D:11 |    2095 |       0 |   0.0 |       6 |       0 |   0.0
       D:12 |    1991 |       0 |   0.0 |       6 |       0 |   0.0
       D:13 |    9860 |     800 |   7.5 |      26 |       5 |  16.1
       D:14 |    7326 |    5738 |  43.9 |      16 |      10 |  38.5
       D:15 |    6596 |    2889 |  30.5 |      10 |       3 |  23.1
     Lair:1 |    2563 |    4010 |  61.0 |       8 |      12 |  60.0
     Lair:2 |    7607 |    3573 |  32.0 |      26 |      11 |  29.7
     Lair:3 |    4566 |     792 |  14.8 |      15 |       1 |   6.2
     Lair:4 |    2744 |    1448 |  34.5 |       8 |       2 |  20.0
     Lair:5 |    5643 |       0 |   0.0 |      20 |       0 |   0.0
     Lair:6 |   16723 |    9020 |  35.0 |      57 |      32 |  36.0
    Swamp:1 |   10577 |     170 |   1.6 |      21 |       2 |   8.7
    Swamp:2 |    7432 |       0 |   0.0 |      13 |       0 |   0.0
    Swamp:3 |   14421 |    6208 |  30.1 |      21 |       8 |  27.6
    Swamp:4 |   16454 |   16397 |  49.9 |      24 |      25 |  51.0
    Snake:1 |   17829 |    4797 |  21.2 |      36 |       8 |  18.2
    Snake:2 |   15857 |       0 |   0.0 |      37 |       0 |   0.0
    Snake:3 |   14024 |       0 |   0.0 |      28 |       0 |   0.0
    Snake:4 |   32626 |   21194 |  39.4 |      64 |      32 |  33.3
      Orc:1 |    2490 |     886 |  26.2 |      23 |       1 |   4.2
      Orc:2 |    3864 |   11258 |  74.4 |      32 |      64 |  66.7
      Elf:1 |   14021 |    8570 |  37.9 |      24 |      12 |  33.3
      Elf:2 |    6897 |   25274 |  78.6 |      11 |      32 |  74.4
   Vaults:1 |   24990 |   38876 |  60.9 |      48 |      47 |  49.5
   Vaults:2 |   20682 |   16089 |  43.8 |      26 |      23 |  46.9
   Vaults:3 |    2195 |     879 |  28.6 |       4 |       1 |  20.0
    Abyss:4 |     858 |    2259 |  72.5 |       1 |       3 |  75.0
     Bailey |       0 |    4533 | 100.0 |       0 |      40 | 100.0
      IceCv |       0 |   10666 | 100.0 |       0 |      51 | 100.0
    Volcano |       0 |    5445 | 100.0 |       0 |      17 | 100.0
   Gauntlet |    1048 |    3118 |  74.8 |       4 |       9 |  69.2
            +---------+---------+-------+---------+---------+-------

Illustrated notes

Table legend:
 A = Kills in this place as a percentage of kills in entire the game.
 B = Kills by you in this place as a percentage of kills by you in the entire game.
 C = Kills by friends in this place as a percentage of kills by friends in the entire game.
 D = Other kills in this place as a percentage of other kills in the entire game.
 E = Experience gained in this place as a percentage of experience gained in the entire game.
 F = Experience gained in this place divided by the number of levels of this place that you have seen.
                   A       B       C       D       E      F
               +-------+-------+-------+-------+-------+----------------------
         Total | 100.0 | 100.0 | 100.0 | 100.0 | 100.0 | 11152.0
       Dungeon |  22.5 |  22.7 |   0.0 |   0.0 |  10.0 | 3274.4
          Lair |  15.1 |  15.3 |   0.0 |   0.0 |  12.0 | 9781.5
         Swamp |   9.0 |   8.9 |   0.0 |  50.0 |  14.6 | 17914.8
     Snake Pit |  16.2 |  16.2 |   0.0 |  25.0 |  21.7 | 26581.8
  Orcish Mines |   9.5 |   9.5 |   0.0 |   0.0 |   3.8 | 9249.0
   Elven Halls |   6.2 |   6.2 |   0.0 |  25.0 |  11.2 | 18254.0
        Vaults |  11.7 |  11.8 |  14.3 |   0.0 |  21.1 | 34570.3
         Abyss |   0.3 |   0.2 |  14.3 |   0.0 |   0.6 | 1039.0
        Bailey |   3.2 |   2.8 |  71.4 |   0.0 |   0.9 | 4533.0
      Ice Cave |   4.0 |   4.1 |   0.0 |   0.0 |   2.2 | 10666.0
       Volcano |   1.3 |   1.4 |   0.0 |   0.0 |   1.1 | 5445.0
      Gauntlet |   1.0 |   1.0 |   0.0 |   0.0 |   0.8 | 4166.0
               +-------+-------+-------+-------+-------+----------------------

Table legend: (Time is in decaauts)
 A = Elapsed time spent in this place.
 B = Non-inter-level travel time spent in this place.
 C = Inter-level travel time spent in this place.
 D = Time resting spent in this place.
 E = Time spent auto-exploring this place.
 F = Levels seen in this place.
 G = Mean time per level.
                   A        B        C        D        E       F      G
               +--------+--------+--------+--------+--------+-----+--------+
         Total |  38812 |  36238 |   2574 |   1851 |  24954 |  44 |  882.1 |
       Dungeon |  15821 |  14534 |   1287 |    982 |   9769 |  15 | 1054.7 |
          Lair |   6262 |   5661 |    601 |     61 |   4344 |   6 | 1043.7 |
         Swamp |   3294 |   3192 |    102 |    116 |   2342 |   4 |  823.5 |
     Snake Pit |   4603 |   4434 |    169 |    239 |   3042 |   4 | 1150.8 |
  Orcish Mines |   1960 |   1716 |    244 |     41 |   1222 |   2 |  980.0 |
   Elven Halls |   2006 |   1864 |    142 |      6 |   1364 |   3 |  668.7 |
        Vaults |   3006 |   2980 |     26 |     18 |   2287 |   3 | 1002.0 |
         Abyss |     54 |     54 |      0 |      0 |      0 |   3 |   18.0 |
        Bailey |    397 |    397 |      0 |    109 |     67 |   1 |  397.0 |
      Ice Cave |    627 |    627 |      0 |    167 |    299 |   1 |  627.0 |
       Volcano |    207 |    207 |      0 |      0 |     44 |   1 |  207.0 |
      Gauntlet |    569 |    569 |      0 |    110 |    172 |   1 |  569.0 |
               +--------+--------+--------+--------+--------+-----+--------+

Top non-repeatable levels by time:
 Snake:4: 1639 daAuts
     D:6: 1614 daAuts
     D:5: 1557 daAuts
Vaults:2: 1438 daAuts
Vaults:1: 1376 daAuts
   Orc:2: 1373 daAuts
    D:13: 1304 daAuts
 Snake:2: 1270 daAuts
     D:8: 1263 daAuts
     D:7: 1236 daAuts
    D:10: 1232 daAuts
     D:4: 1189 daAuts
  Lair:6: 1175 daAuts
  Lair:5: 1128 daAuts
 Swamp:4: 1047 daAuts
